 Dungeon Crawl Stone Soup version 0.27.1-4-g1640c2035a (webtiles) character file.

Game seed: 10315798155954269849

2450 Stomo444 the Fighter (level 9, 0/75 HPs)
             Began as a Demonspawn Monk on Nov 9, 2021.
             Was an Elder of Okawaru.
             Slain by a komodo dragon (23 damage)
             ... on level 7 of the Dungeon.
             The game lasted 00:10:52 (8002 turns).

Stomo444 the Fighter (Demonspawn Monk)              Turns: 8002, Time: 00:10:53

Health: 0/75       AC: 14    Str: 14    XL:     9   Next: 25%
Magic:  7/9        EV: 18    Int: 11    God:    Okawaru [****..]
Gold:   428        SH:  0    Dex: 17    Spells: 8/8 levels left

rFire    . . .     SeeInvis +   g - +2 mace (protect)
rCold    . . .     Faith    .   (no shield)
rNeg     . . .     Spirit   .   b - +0 robe
rPois    .         Reflect  .   (helmet restricted)
rElec    .         Harm     .   (no cloak)
rCorr    .         Rampage  .   s - +0 pair of gloves
Will     .....                  (no boots)
Stlth    ++++......             (no amulet)
HPRegen  0.22/turn              i - +4 ring of protection
MPRegen  0.11/turn              h - ring of see invisible

@: heroic, under a protective aura
A: antennae 2, demonic guardian 1, sturdy frame 1
a: Renounce Religion, Heroism


You were on level 7 of the Dungeon.
You worshipped Okawaru.
Okawaru was greatly pleased with you.
You visited 2 branches of the dungeon, and saw 9 of its levels.

You collected 428 gold pieces.

Inventory:

Hand Weapons
 a - a +0 mace
 f - a +0 club
 g - a +2 mace of protection (weapon)
Missiles
 E - 3 throwing nets (quivered)
Armour
 b - a +0 robe (worn)
 c - a +0 helmet
 s - a +0 pair of gloves (worn)
Jewellery
 h - a ring of see invisible (right hand)
 i - a +4 ring of protection (left hand)
 u - a +6 ring of dexterity
 w - a ring of ice
 A - an amulet of the acrobat
 B - an amulet of reflection
Wands
 x - a wand of polymorph (15)
 C - a wand of iceblast (8)
Scrolls
 e - 8 scrolls of identify {unknown}
 j - a scroll of amnesia {unknown}
 k - a scroll of teleportation {unknown}
 m - 2 scrolls of magic mapping {unknown}
 n - a scroll of immolation {unknown}
 p - 3 scrolls of enchant armour {unknown}
 t - a scroll of brand weapon {unknown}
 v - a scroll of vulnerability {unknown}
 y - a scroll of enchant weapon {unknown}
 D - a scroll of noise {unknown}
Potions
 d - 2 potions of might
 l - 3 potions of haste {unknown}
 o - 3 potions of attraction {unknown}
 q - 2 potions of curing {unknown}
 r - a potion of degeneration {unknown}
 z - a potion of berserk rage {unknown}
 F - 2 potions of mutation {unknown}


   Skills:
 * Level 8.5(13.5) Fighting
 * Level 7.8(12.8) Maces & Flails
 + Level 5.7(10.7) Dodging
 - Level 1.7(6.7) Stealth


You had 8 spell levels left.
You didn't know any spells.
Your spell library contained the following spells:

 Spells                   Type           Power      Damage    Failure   Level
 Foxfire                  Conj/Fire      0%         2x1d4     34%         1
 Magic Dart               Conj           0%         1d3       34%         1
 Call Imp                 Summ           0%         N/A       47%         2
 Call Canine Familiar     Summ           0%         N/A       71%         3
 Conjure Flame            Conj/Fire      0%         6-21      71%         3
 Dazzling Flash           Conj/Hex       0%         N/A       71%         3
 Inner Flame              Hex/Fire       0%         N/A       71%         3
 Mephitic Cloud           Conj/Pois/Air  0%         N/A       71%         3
 Ozocubu's Armour         Ice            0%         N/A       71%         3
 Portal Projectile        Hex/Tloc       0%         N/A       71%         3
 Iskenderun's Mystic Bla  Conj/Tloc      0%         2d3       98%         4
 Leda's Liquefaction      Hex/Erth       0%         N/A       98%         4
 Metabolic Englaciation   Hex/Ice        0%         N/A       100%        5
 Simulacrum               Ice/Necr       0%         N/A       100%        6
 Starburst                Conj/Fire      0%         6d3       100%        6


Dungeon Overview and Level Annotations

Branches:
Dungeon (8/15)             Temple (1/1) D:5            Lair (0/6) D:8

Altars:
Ashenzari
Cheibriados
Dithmenos
Elyvilon
Fedhas
Gozag
Hepliaklqana
Kikubaaqudgha
Makhleb
Nemelex Xobeh
Okawaru
Qazlal
Ru
Sif Muna
Trog
Uskayaw
Vehumet
Wu Jian
Xom
Yredelemnul
Zin
The Shining One

Shops:
D:4 [   D:6 *

Annotations:
D:5 2 transporters, bnorton916's ghost, novice DECj
D:7 Prince Ribbit


Innate Abilities, Weirdness & Mutations

You have a pair of antennae on your head.
A weak demonic guardian rushes to your aid.
Your movements are slightly less encumbered by armour. (ER -2)


Message History

The komodo dragon bites you but does no damage.
You climb upwards.
Level annotation: Prince Ribbit
There is a stone staircase leading down here.
The wight hits you with a +7 dagger of freezing!
The wight freezes you. The wight closely misses you.
Okay, then.
You gain the combat prowess of a mighty hero.
You hit the wight.
Your weapon exudes an aura of protection.
The wight is lightly damaged.
The wight misses you.
You hit the wight.
The wight is heavily damaged.
The wight closely misses you.
You hit the wight but do no damage.
The wight is heavily damaged.
The wight hits you but does no damage.
You hit the wight.
The wight is severely damaged.
You hit the wight.
The wight is almost destroyed.
The wight hits you but does no damage.
You hit the wight.
You destroy the wight!
Okawaru accepts your kill.
Your life force feels restored.
You sock the komodo dragon!
The komodo dragon is moderately wounded.
You hit the komodo dragon. Your punch misses the komodo dragon.
The komodo dragon is moderately wounded.
The komodo dragon bites you!
You hit the komodo dragon.
The komodo dragon is moderately wounded.
The komodo dragon bites you.
You hit the komodo dragon.
The komodo dragon is heavily wounded.
The komodo dragon bites you!!
You die...

........##.>...# #.# ##...##
........##.....###.# ##.....##
........##......##.###.......##
......P..##..#...#.##.........###
....PPP.............'.........+..
....♣...####l#...####.........###
#......## #.##.## ##.......##
###...## #.###### ##.....## #...#
#...l@<# ##...## ##.## ######.#
##'## #.# #.# #.# ####.#
####.#### #.# <....#
#.......####.## ######
#.##.#........## #.##.#.###.....#
#.##...# #....######
#.####.###.#.)......


You could see a komodo dragon.

Vanquished Creatures
  Eustachio (D:6)
  A wyvern (D:7)
  3 water moccasins
  An ice beast (D:7)
  4 black bears
  An ogre (D:5)
  A necrophage (D:6)
  A phantom (D:7)
  2 bullfrogs
  A gnoll sergeant (D:7)
  A scorpion (D:5)
  A water moccasin skeleton (D:7)
  2 wights
  3 howler monkeys
  6 hounds
  A gnoll shaman (D:5)
  3 iguanas
  Natasha (D:2)
  4 hound skeletons (D:4)
  A howler monkey zombie (D:6)
  12 gnolls
  5 adders
  An adder skeleton (D:3)
  A dart slug (D:4)
  8 orcs
  7 ball pythons
  6 endoplasms
  2 giant cockroaches
  7 goblins
  5 hobgoblins
  A quokka (D:4)
  6 bats
  2 frilled lizards
  7 kobolds
  A rat (D:3)
110 creatures vanquished.

Vanquished Creatures (collateral kills)
  An ogre (D:5)
  An orc wizard (D:3)
  2 adders (D:2)
4 creatures vanquished.

Vanquished Creatures (others)
  A quokka (D:5)
  15 fungi (D:7)
  5 plants (D:8)
21 creatures vanquished.

Grand Total: 135 creatures vanquished

Notes
Turn   | Place    | Note
-------+----------+-------------------------------------------
     0 | D:1      | Stomo444 the Demonspawn Monk began the quest for the Orb.
     0 | D:1      | Reached XP level 1. HP: 18/18 MP: 1/1
   214 | D:1      | Found a faded altar of an unknown god.
   846 | D:1      | Gained mutation: A weak demonic guardian rushes to your
                  | aid. [demonic ancestry]
   846 | D:1      | Reached XP level 2. HP: 18/24 MP: 2/2
  1188 | D:2      | Reached XP level 3. HP: 19/29 MP: 3/3
  1736 | D:3      | Reached XP level 4. HP: 37/37 MP: 4/4
  1833 | D:3      | Noticed Natasha
  1856 | D:2      | Reached skill level 4 in Fighting
  1996 | D:2      | Killed Natasha
  2369 | D:3      | Reached XP level 5. HP: 42/42 MP: 5/5
  2513 | D:3      | Found an ancient bone altar of Kikubaaqudgha.
  2560 | D:3      | Found an iron altar of Okawaru.
  2634 | D:3      | Became a worshipper of Warmaster Okawaru
  2634 | D:3      | Reached * piety under Okawaru
  2634 | D:3      | Reached ** piety under Okawaru
  3038 | D:4      | Found a shimmering blue altar of Sif Muna.
  3074 | D:4      | Found a shimmering altar of Xom.
  3136 | D:4      | Reached XP level 6. HP: 50/50 MP: 6/6
  3159 | D:4      | Found Qump's Antique Armour Boutique.
  3603 | D:5      | Entered Level 5 of the Dungeon
  3615 | D:5      | Reached skill level 5 in Fighting
  3661 | D:5      | Reached skill level 5 in Maces & Flails
  3666 | D:5      | Gained mutation: Your movements are slightly less
                  | encumbered by armour. (ER -2) [demonic ancestry]
  3666 | D:5      | Reached XP level 7. HP: 28/56 MP: 4/7
  3705 | D:5      | Reached *** piety under Okawaru
  3973 | D:5      | Reached skill level 6 in Fighting
  4137 | D:5      | Found a staircase to the Ecumenical Temple.
  4156 | Temple   | Entered the Ecumenical Temple
  4309 | D:5      | Found a transporter.
  4309 | D:5      | Noticed bnorton916's ghost (novice DECj)
  4325 | D:5      | Found a transporter.
  4395 | D:5      | Found a stormy altar of Qazlal.
  4534 | D:5      | Found a radiant altar of Vehumet.
  4908 | D:6      | Noticed Eustachio
  5054 | D:6      | Found an opulent altar of Gozag.
  5075 | D:6      | Gained mutation: You have a pair of small antennae on your
                  | head. [demonic ancestry]
  5075 | D:6      | Reached XP level 8. HP: 56/65 MP: 8/8
  5530 | D:6      | Found a hazy altar of Hepliaklqana.
  5581 | D:6      | Reached skill level 7 in Fighting
  5648 | D:6      | Found Romnuov's Serpentskin Sales.
  5662 | D:6      | Reached **** piety under Okawaru
  5663 | D:6      | Reached skill level 5 in Dodging
  5812 | D:6      | Killed Eustachio
  6479 | D:7      | Noticed Prince Ribbit
  6809 | D:7      | Reached skill level 8 in Fighting
  7309 | D:7      | Gained mutation: You have a pair of antennae on your head.
                  | [demonic ancestry]
  7309 | D:7      | Reached XP level 9. HP: 55/74 MP: 9/9
  7938 | D:8      | Found a staircase to the Lair.
  7939 | D:8      | Noticed a komodo dragon
  8002 | D:7      | Slain by a komodo dragon

Illustrated notes

Levels and vault maps discovered:
D:1:      amcnicky_arrival_single_pillar, layout_basic, basic_ecumenical_altar,
          minmay_fountain_box, minmay_misc_feat_chi, minmay_tiny_reverse_x
D:2:      layout_rooms
D:3:      layout_rooms, mainiacjoe_overflow_swirl, minmay_between, uniq_natasha
D:4:      layout_loops_ring, kennysheep_mini_moat, amcnicky_altar_gilded,
          serial_shops, shop, grunt_tough_drop
D:5:      layout_rooms, fiery_altar_vehumet, grunt_qazlal_clouds,
          minmay_temple_entry_statues_pillars, gammafunk_ghost_arena
D:6:      layout_loops_ring, lemuel_crystal_altar, nzn_hepliaklqana_mist_gate,
          guppyfry_shop_venom, uniq_eustachio
D:7:      layout_loops_corners, mainiacjoe_overflow_cross_hatched,
          zin_scriptorium, serial_park_tiny_2, uniq_prince_ribbit1
D:8:      layout_gridville, david_lair_shrubbed, uniq_maurice
Temple:   nicolae_temple_hex_pool

Skill      XL: |  1  2  3  4  5  6  7  8 |
---------------+-------------------------+-----
Maces & Flails | 3 4 5 6 7 |  7.8
Dodging        | 3 4 5 |  5.7
Fighting       | 4 5 6 8 |  8.5
Stealth        | |  1.7

Action                   |  1- 3 |  4- 6 |  7- 9 || total
-------------------------+-------+-------+-------++-------
Melee: Mace              |    64 |   177 |   314 ||   555
       Club              |    19 |       |       ||    19
Invok: Heroism           |       |     1 |     1 ||     2
  Use: Potion            |       |     1 |       ||     1
 Stab: Sleeping          |     9 |     4 |     3 ||    16
Armor: Robe              |    34 |   121 |   153 ||   308
Dodge: Dodged            |    74 |   166 |   241 ||   481
